 Dungeon Crawl Stone Soup version 0.28-a0-1152-g9c71ebef14 (webtiles) character file.

Game seed: 4534442122748018911

4499 SensoryNuts the Spear-Bearer (level 10, -8/76 HPs)
             Began as a Demonspawn Gladiator on Dec 13, 2021.
             Was an Initiate of Yredelemnul.
             Killed from afar by a steam dragon (10 damage)
             ... with a ball of steam
             ... on level 8 of the Dungeon on Dec 14, 2021.
             The game lasted 00:14:51 (10490 turns).

SensoryNuts the Spear-Bearer (DsGl)                Turns: 10490, Time: 00:14:51

Health: -8/76      AC: 12    Str: 19    XL:     10   Next: 16%
Magic:  10/10      EV: 14    Int:  9    God:    Yredelemnul [......]
Gold:   441        SH:  0    Dex: 15    Spells: 9/9 levels left

rFire   . . .      SeeInvis .   m - +1 trident (venom)
rCold   . . .      Faith    .   (no shield)
rNeg    . . .      Spirit   .   b - +0 leather armour
rPois   .          Reflect  .   (helmet unavailable)
rElec   .          Harm     .   (no cloak)
rCorr   .          Rampage  .   (no gloves)
Will    +....      Rnd*Tele +   u - +2 pair of boots
Stlth   ++........              (no amulet)
HPRegen 0.22/turn               (no ring)
MPRegen 0.12/turn               (no ring)

@: sanguine armoured
A: horns 3, foul stench 2, sanguine armour 1, beak, claws 1, strong-willed 1,
teleportitis 1
a: Renounce Religion, Recall Undead Harvest


You were on level 8 of the Dungeon.
You worshipped Yredelemnul.
Yredelemnul was noncommittal.
You visited 2 branches of the dungeon, and saw 9 of its levels.

You collected 441 gold pieces.

Inventory:

Hand Weapons
 a - a +1 long sword
 k - a +4 vorpal hand axe
 m - a +1 trident of venom (weapon)
Missiles
 d - 5 throwing nets (quivered)
Armour
 b - a +0 leather armour (worn)
 c - a +1 helmet
 r - a +1 hat
 u - a +2 pair of boots (worn)
Jewellery
 n - a ring of ice
 y - a ring of positive energy
Wands
 i - a wand of iceblast (12)
 j - a wand of digging (5)
 v - a wand of paralysis (16)
Scrolls
 g - a scroll of immolation
 l - 3 scrolls of identify
 o - 6 scrolls of teleportation
 t - a scroll of vulnerability
 w - a scroll of enchant weapon
 x - a scroll of noise {unknown}
 z - a scroll of brand weapon
Potions
 f - 3 potions of lignification
 h - a potion of curing
 p - a potion of flight
 q - a potion of cancellation


   Skills:
 + Level 5.7 Fighting
 + Level 4.4 Long Blades
 + Level 0.5(5.5) Axes
 + Level 9.0 Polearms
 + Level 1.8 Throwing
 + Level 4.7 Armour
 + Level 5.8 Dodging
 + Level 3.9 Stealth


You had 9 spell levels left.
You didn't know any spells.
Your spell library contained the following spells:

 Spells                   Type           Power      Damage    Failure   Level
 Sting                    Tmut/Pois      0%         1d3       43%         1
 Poisonous Vapours        Pois/Air       0%         N/A       56%         2
 Gell's Gravitas          Tloc           0%         N/A       80%         3
 Teleport Other           Tloc           0%         N/A       80%         3
 Olgreb's Toxic Radiance  Pois           0%         N/A       99%         4
 Dispersal                Tloc           0%         N/A       100%        6


Dungeon Overview and Level Annotations

Branches:
Dungeon (8/15)             Temple (1/1) D:7
   Lair: D:8-11

Altars:
Ashenzari
Cheibriados
Dithmenos
Elyvilon
Fedhas
Gozag
Hepliaklqana
Kikubaaqudgha
Makhleb
Nemelex Xobeh
Okawaru
Qazlal
Ru
Sif Muna
Trog
Uskayaw
Vehumet
Wu Jian
Xom
Yredelemnul
Zin
The Shining One

Shops:
D:4 (


Innate Abilities, Weirdness & Mutations

You have a pair of large horns on your head.
You sometimes emit foul miasma when damaged in melee.
When seriously injured, your blood forms armour. (AC +6)
You have a beak for a mouth.
You have sharp fingernails.
You are strong-willed. (Will+)
You are occasionally teleported next to monsters.


Message History

You closely miss the killer bee zombie.
The killer bee zombie is almost destroyed.
You are engulfed in a cloud of scalding steam.
The killer bee zombie hits you.
You emit a cloud of foul miasma!
Unknown command.
You puncture the killer bee zombie!
You destroy the killer bee zombie!
You are engulfed in a cloud of scalding steam.
The steam dragon breathes steam at you. The ball of steam misses you.
You hear a howl!
You are engulfed in a cloud of scalding steam.
* * * LOW HITPOINT WARNING * * *
The steam dragon bites you!
* * * LOW HITPOINT WARNING * * *
The steam dragon claws you but does no damage.
You hit the steam dragon but do no damage.
You are engulfed in a cloud of scalding steam.
The steam dragon completely misses you.
The steam dragon claws you but does no damage.
A wolf comes into view.
The wolf howls!
You hit the steam dragon.
The steam dragon is lightly wounded.
The steam dragon breathes steam at you. The ball of steam hits you!
* * * LOW HITPOINT WARNING * * *
You puncture the steam dragon!
The steam dragon looks as sick as possible!
Your headbutt misses the steam dragon.
The steam dragon is heavily wounded.
You are engulfed in a cloud of scalding steam.
* * * LOW HITPOINT WARNING * * *
The steam dragon closely misses you. x2
As you read the scroll of fog, it crumbles to dust.
The scroll dissolves into smoke.
The steam dragon breathes steam at you. The ball of steam hits you!
You die...
Your body rises from the dead as a mindless zombie.

...# ...#
..# #.## #.
#######..#
..
........§##
#.
#$#####§§.#
#§§○## .
##@§§# .
#D#§#
#§#..#
#..#.# #
##h .# .#.#
.. #.


You could see a steam dragon (extremely poisoned, catching breath).

Vanquished Creatures
  2 two-headed ogres
  Sigmund (D:5)
  5 yaks (D:8)
  A steam dragon (D:7)
  Menkaure (D:5)
  A water moccasin (D:5)
  A hornet zombie (D:6)
  An orc warrior (D:8)
  A sky beast (D:7)
  2 necrophages
  3 ogres (D:5)
  2 centaurs
  A phantom (D:4)
  A kobold brigand (D:7)
  A scorpion (D:7)
  2 howler monkeys (D:7)
  2 jellies
  A bullfrog zombie (D:7)
  A gnoll shaman (D:5)
  5 hounds
  3 orc priests
  A bullfrog skeleton (D:6)
  3 iguanas
  6 orc wizards
  A killer bee zombie (D:8)
  A hound skeleton (D:5)
  A howler monkey zombie (D:6)
  5 gnolls (D:5)
  16 adders
  A shadow imp (D:7)
  2 adder skeletons (D:4)
  3 worms
  3 dart slugs
  21 orcs
  2 bats (D:1)
  5 endoplasms
  3 giant cockroaches
  3 goblins
  10 hobgoblins
  8 jackals
  6 quokkas
  10 ball pythons
  2 frilled lizards
  12 kobolds
  8 rats
171 creatures vanquished.

Vanquished Creatures (collateral kills)
  An orc priest (D:8)
  An orc (D:8)
2 creatures vanquished.

Vanquished Creatures (others)
  A yak zombie (D:8)
1 creature vanquished.

Grand Total: 174 creatures vanquished

Notes
Turn   | Place    | Note
-------+----------+-------------------------------------------
     0 | D:1      | SensoryNuts the Demonspawn Gladiator began the quest for
                  | the Orb.
     0 | D:1      | Reached XP level 1. HP: 16/16 MP: 1/1
   289 | D:1      | Gained mutation: You have a pair of small horns on your
                  | head. [demonic ancestry]
   289 | D:1      | Reached XP level 2. HP: 14/22 MP: 2/2
  1493 | D:2      | Gained mutation: You have a pair of horns on your head.
                  | [demonic ancestry]
  1493 | D:2      | Reached XP level 3. HP: 27/27 MP: 3/3
  2279 | D:2      | Reached skill level 1 in Armour
  2279 | D:2      | Gained mutation: You have a pair of large horns on your
                  | head. [demonic ancestry]
  2279 | D:2      | Reached XP level 4. HP: 9/33 MP: 4/4
  2381 | D:2      | Noticed a necrophage
  2416 | D:2      | Killed a necrophage
  2417 | D:2      | Gained mutation: You may rarely emit foul miasma when
                  | damaged in melee. [demonic ancestry]
  2417 | D:2      | Reached XP level 5. HP: 29/39 MP: 5/5
  3753 | D:4      | Noticed a phantom
  3763 | D:4      | Killed a phantom
  3764 | D:4      | Reached XP level 6. HP: 16/46 MP: 6/6
  3984 | D:4      | Found Diled's Antique Weapon Emporium.
  4741 | D:4      | Reached skill level 1 in Stealth
  5039 | D:4      | Reached skill level 1 in Polearms
  5869 | D:4      | Gained mutation: You have hidden genetic potential. [potion
                  | of mutation]
  5869 | D:4      | Gained mutation: You are strong-willed. (Will+) [potion of
                  | mutation]
  6091 | D:5      | Entered Level 5 of the Dungeon
  6099 | D:5      | Reached XP level 7. HP: 48/52 MP: 7/7
  6288 | D:5      | Reached skill level 2 in Polearms
  6296 | D:5      | Noticed Sigmund
  6308 | D:5      | Killed Sigmund
  6316 | D:5      | Reached skill level 3 in Polearms
  6323 | D:5      | Gained mutation: You have a beak for a mouth. [hidden
                  | potential]
  6433 | D:5      | Found an opulent altar of Gozag.
  6578 | D:5      | Noticed Menkaure
  6600 | D:5      | Killed Menkaure
  6601 | D:5      | Reached skill level 4 in Polearms
  6601 | D:5      | Reached XP level 8. HP: 36/60 MP: 8/8
  7021 | D:5      | Noticed a two-headed ogre
  7027 | D:5      | Reached skill level 5 in Polearms
  7030 | D:5      | Killed a two-headed ogre
  7031 | D:5      | Reached skill level 6 in Polearms
  7045 | D:5      | Gained mutation: You have supernaturally acute eyesight.
                  | (SInv) [hidden potential]
  7045 | D:5      | Lost mutation: You have hidden genetic potential. [hidden
                  | potential expressed]
  7377 | D:5      | Gained mutation: When seriously injured, your blood forms
                  | armour. (AC +6) [demonic ancestry]
  7377 | D:5      | Reached XP level 9. HP: 46/66 MP: 9/9
  7580 | D:5      | Gained mutation: Your mind is acute. (Int +2) [potion of
                  | mutation]
  7580 | D:5      | Gained mutation: You have sharp fingernails. [potion of
                  | mutation]
  7972 | D:6      | Reached skill level 7 in Polearms
  8379 | D:6      | Reached skill level 5 in Dodging
  8546 | D:6      | Upgraded the game from 0.28-a0-1143-gcf6077d4cc to
                  | 0.28-a0-1152-g9c71ebef14
  8556 | D:6      | Lost mutation: Your mind is acute. (Int +2) [potion of
                  | mutation]
  8556 | D:6      | Lost mutation: You have supernaturally acute eyesight.
                  | (SInv) [potion of mutation]
  8556 | D:6      | Gained mutation: You are weak. (Str -2) [potion of
                  | mutation]
  8556 | D:6      | Lost mutation: You are weak. (Str -2) [potion of mutation]
  8556 | D:6      | Gained mutation: You are occasionally teleported next to
                  | monsters. [potion of mutation]
  8957 | D:7      | Found a staircase to the Ecumenical Temple.
  9200 | Temple   | Entered the Ecumenical Temple
  9530 | Temple   | Became a worshipper of Yredelemnul the Dark
  9678 | D:7      | Reached skill level 5 in Fighting
  9712 | D:7      | Noticed a two-headed ogre
  9726 | D:7      | Killed a two-headed ogre
  9727 | D:7      | Reached skill level 8 in Polearms
 10304 | D:7      | Reached * piety under Yredelemnul
 10390 | D:8      | Gained mutation: You sometimes emit foul miasma when
                  | damaged in melee. [demonic ancestry]
 10390 | D:8      | Reached XP level 10. HP: 72/74 MP: 10/10
 10410 | D:8      | Reached skill level 9 in Polearms
 10489 | D:8      | HP: 2/76 [steam dragon] (4)]
 10490 | D:8      | Killed from afar by a steam dragon

Illustrated notes

Levels and vault maps discovered:
D:1:      lightli_arrival_statuegarden, layout_loops_corners,
          minmay_misc_feat_room, chequers_serial_rivers_micro_c
D:2:      minmay_diamond_boxcup, layout_rooms
D:3:      layout_basic
D:4:      minmay_bubble_buster, layout_loops_cross, serial_shops,
          nicolae_shop_stone, hex_medium
D:5:      layout_rooms, nicolae_gozag_cash_rules_everything_around_me,
          kennysheep_generic_room_6, uniq_menkaure, uniq_sigmund
D:6:      layout_gridville
D:7:      nicolae_cairo_tiling_large, layout_basic,
          minmay_temple_entry_mini_moons, chequers_serial_rivers_small_a,
          minmay_misc_feat_rugged, serial_bayou_pond_e
D:8:      layout_basic, uniq_prince_ribbit1, uniq_grum
Temple:   roderic_octagonal_lattice_temple

Skill      XL: |  1  2  3  4  5  6  7  8  9 10 |
---------------+-------------------------------+-----
Long Blades    | 3 4 |  4.4
Dodging        | 3 4 5 |  5.8
Armour         | 1 2 3 4 |  4.7
Fighting       | 3 4 5 |  5.7
Stealth        | 1 2 3 |  3.9
Polearms       | 1 4 6 8 9 |  9.0
Axes           | |  0.5
Throwing       | |  1.8

Action                   |  1- 3 |  4- 6 |  7- 9 | 10-12 || total
-------------------------+-------+-------+-------+-------++-------
Melee: Long sword        |   114 |    37 |       |       ||   151
       Headbutt          |     9 |    23 |    52 |     3 ||    87
       Trident           |       |    93 |   225 |    19 ||   337
       Hand axe          |       |    15 |       |       ||    15
       Peck              |       |       |    32 |     5 ||    37
  Use: Scroll            |     5 |     5 |     3 |     1 ||    14
       Potion            |     3 |     5 |     5 |     1 ||    14
 Stab: Sleeping          |     1 |     2 |     8 |     1 ||    12
Armor: Leather armour    |    36 |    26 |    42 |     6 ||   110
Dodge: Dodged            |   102 |    92 |   146 |    16 ||   356

Table legend: (Time is in decaauts)
 A = Elapsed time spent in this place.
 B = Non-inter-level travel time spent in this place.
 C = Inter-level travel time spent in this place.
 D = Time resting spent in this place.
 E = Time spent auto-exploring this place.
 F = Levels seen in this place.
 G = Mean time per level.
                   A        B        C        D        E       F      G
               +--------+--------+--------+--------+--------+-----+--------+
         Total |  10553 |  10078 |    475 |      0 |   8515 |   9 | 1172.6 |
       Dungeon |  10199 |   9745 |    454 |      0 |   8269 |   8 | 1274.9 |
        Temple |    353 |    332 |     21 |      0 |    246 |   1 |  353.0 |
               +--------+--------+--------+--------+--------+-----+--------+

Top non-repeatable levels by time:
     D:4: 2507 daAuts
     D:2: 1538 daAuts
     D:5: 1456 daAuts
     D:7: 1389 daAuts
     D:1: 1344 daAuts
     D:6: 999 daAuts
     D:3: 836 daAuts
  Temple: 353 daAuts
     D:8: 126 daAuts
